Dynamic Boxscore Link
Atlanta
Royals
20-14
1
FINAL
5
Miami
Trident
17-21
Summary
Boxscore
Lineups
Recap

1st Period

1-0 TRIScore
4:13Time
5v5Type
2-0 TRIScore
9:28Time
5v5Type

2nd Period

3-0 TRIScore
1:34Time
5v5Type
3-1 TRIScore
4:48Time
5v5Type
4-1 TRIScore
7:13Time
5v5Type

3rd Period

5-1 TRIScore
2:34Time
5v5Type

Penalties

1st Period
Keyler Kraftcheck (ROY) for Holding (Minor) at 16:27
2nd Period
Garland Newkirk (TRI) for Tripping (Minor) at 9:31
Arnt Pfeffer (TRI) for Tripping (Minor) at 17:11
3rd Period
Gordon Peltokangas (TRI) for Fighting (Major) at 14:20
Andre Schleicher (ROY) for Fighting (Major) at 14:20
Albert Zamuner (TRI) for Fighting (Major) at 15:22
Randall Sappington (ROY) for Fighting (Major) at 15:22
Milo Volcan (ROY) for Holding (Minor) at 15:52
ROY
TRI

Atlanta Royals

# Player Pos G A PTS +/- S PIM TOI SB Hits GA TA
79 Andre Schleicher D 0 1 1 -3 0 5 21:23 1 1 0 0
28 Anton Vekselberg LW 1 0 1 0 5 0 20:07 0 0 0 2
18 Joe Mckinlay C 0 1 1 0 4 0 19:01 0 1 0 0
0 Villiam Oikarinen D 0 0 0 0 2 0 22:42 3 1 0 0
76 Keyler Kraftcheck D 0 0 0 -3 2 2 24:00 4 3 0 0
19 Len Cozart C 0 0 0 -3 4 0 18:07 0 0 0 0
0 Kaiden Simmonds RW 0 0 0 0 0 0 10:01 0 0 0 0
93 Jeremiah Plaxton C 0 0 0 0 0 0 10:22 0 0 1 0
13 Milo Volcan RW 0 0 0 -1 2 2 13:44 0 3 0 0
9 Pascal Latonas D 0 0 0 -1 1 0 13:58 1 0 0 0
43 Randall Sappington LW 0 0 0 -1 4 5 11:06 0 1 0 0
11 Klas Aaltio LW 0 0 0 -3 4 0 16:22 0 2 1 0
8 Yegor Kachkov RW 0 0 0 -3 2 0 16:26 0 2 0 0
9 Stanley Berger D 0 0 0 0 1 0 20:15 2 0 0 0
27 Joel Vestergren C 0 0 0 -1 3 0 12:44 0 1 0 0
0 Jason Krouse RW 0 0 0 0 3 0 18:08 1 0 0 0
0 Jarl Koppa D 0 0 0 -1 1 0 15:22 2 3 1 1
0 Calvin Decourcy RW 0 0 0 0 0 0 12:10 0 0 0 0
# Goalie GA SA SV SV% TOI
0 Terrance Audet 5 21 16 0.762 42:34
30 Sammie Mckelloch 0 12 12 1.000 17:26
ROY
TRI

Royals

Royals

5 vs 5 Forward
Line #Left WingCenterRight WingPHYDFOFWanted %Time %Time Play
1Anton VekselbergJoe MckinlayJason Krouse1223231%16:15
2Klas AaltioLen CozartYegor Kachkov1222927%14:07
3Randall SappingtonJoel VestergrenMilo Volcan1222422%11:41
4Calvin DecourcyJeremiah PlaxtonKaiden Simmonds1221519%10:01
5 vs 5 Defense
Line #DefenseDefensePHYDFOFWanted %Time %Time Play
1Keyler KraftcheckAndre Schleicher1313940%20:57
2Villiam OikarinenStanley Berger1313636%18:33
3Jarl KoppaPascal Latonas1312524%12:34
4Villiam OikarinenAndre Schleicher12200%0:00
Power Play Forward
Line #Left WingCenterRight WingPHYDFOFWanted %Time %Time Play
1Anton VekselbergJoe MckinlayJason Krouse0055053%2:07
2Klas AaltioLen CozartMilo Volcan0055047%1:51
Power Play Defense
Line #DefenseDefensePHYDFOFWanted %Time %Time Play
1Keyler KraftcheckYegor Kachkov1135047%1:53
2Andre SchleicherJarl Koppa1135053%2:05
Penalty Kill 4 Players Forward
Line #CenterWingPHYDFOFWanted %Time %Time Play
1Len CozartCalvin Decourcy1406074%2:55
2Joel VestergrenRandall Sappington1404026%1:03
Penalty Kill 4 Players Defense
Line #DefenseDefensePHYDFOFWanted %Time %Time Play
1Villiam OikarinenAndre Schleicher1405057%2:16
2Keyler KraftcheckStanley Berger1405043%1:42
Penalty Kill 3 Players
Line #WingPHYDFOFWanted %Time %Time PlayDefenseDefensePHYDFOFWanted %Time %Time Play
1Joel Vestergren140550%0:00 Villiam OikarinenAndre Schleicher140500%0:00
2Len Cozart140450%0:00 Keyler KraftcheckStanley Berger140500%0:00
4 vs 4 Forward
Line #CenterWingPHYDFOFWanted %Time %Time Play
1Joe MckinlayAnton Vekselberg122500%0:00
2Len CozartKlas Aaltio122500%0:00
4 vs 4 Defense
Line #DefensePHYDFOFWanted %Time %Time Play
1Keyler KraftcheckVilliam Oikarinen122500%0:00
2Stanley BergerAndre Schleicher122500%0:00
Last Minutes Offensive
Left WingCenterRight WingDefenseDefense
Anton VekselbergJoe MckinlayKlas AaltioKeyler KraftcheckAndre Schleicher
Last Minutes Defensive
Left WingCenterRight WingDefenseDefense
Calvin DecourcyJoel VestergrenLen CozartVilliam OikarinenAndre Schleicher
Time
Total ForwardTotal DefenseLast Minutes OffensiveLast Minutes Defensive
60:00 60:00 0:000:00
Extra Forwards
Normal PowerPlayPenalty Kill
Anton Vekselberg, Klas Aaltio, Milo VolcanYegor Kachkov, Jason KrouseJoe Mckinlay
Extra Defensemen
Normal PowerPlayPenalty Kill
Villiam Oikarinen, Keyler Kraftcheck, Andre SchleicherStanley Berger, Pascal LatonasJarl Koppa
Penalty Shots
Anton Vekselberg, Randall Sappington, Andre Schleicher, Joe Mckinlay, Len Cozart
Goalie
Terrance Audet, Sammie Mckelloch
Custom OT Lines Forwards
Joe Mckinlay, Anton Vekselberg, Len Cozart, Klas Aaltio, Joel Vestergren, Kaiden Simmonds, Jason Krouse, Milo Volcan, Yegor Kachkov, Calvin Decourcy
Custom OT Lines Defensemen
Villiam Oikarinen, Andre Schleicher, Keyler Kraftcheck, Jarl Koppa, Stanley Berger
Scratches
None
1st Period

0:01 of 1st period - Jarred Kennelly wins face-off versus Joe Mckinlay in neutral zone.
0:34 of 1st period - Slapshot by Milo Volcan.
0:34 of 1st period - Shot Blocked by Michal Stellon.
0:36 of 1st period - Slapshot by Keyler Kraftcheck.
0:36 of 1st period - Stopped by Jim Gloeckner without a rebound.
0:37 of 1st period - Garland Newkirk wins face-off versus Jeremiah Plaxton in Trident zone.
0:42 of 1st period - Wrist shot by Phil Lawless.
0:42 of 1st period - Shot Blocked by Stanley Berger.
1:04 of 1st period - Terrence Mazzei is hit by Villiam Oikarinen and loses puck.
1:09 of 1st period - Snap shot by Klas Aaltio.
1:09 of 1st period - Shot Misses the Net.
1:37 of 1st period - Wrist shot by Joe Mckinlay.
1:37 of 1st period - Stopped by Jim Gloeckner with a rebound.
1:55 of 1st period - Snap shot by Randall Sappington.
1:55 of 1st period - Shot Misses the Net.
2:21 of 1st period - Wrist shot by Phil Lawless.
2:21 of 1st period - Shot Misses the Net.
2:31 of 1st period - Wrist shot by Jarred Kennelly.
2:31 of 1st period - Shot Misses the Net.
2:35 of 1st period - Wrist shot by Marc-Andre Larochelle.
2:35 of 1st period - Shot Blocked by Villiam Oikarinen.
2:37 of 1st period - Slapshot by Nathan Paasiaro.
2:37 of 1st period - Stopped by Terrance Audet without a rebound.
2:38 of 1st period - Valentin Lokhanov wins face-off versus Len Cozart in Royals zone.
2:39 of 1st period - Slapshot by Marc-Andre Larochelle.
2:39 of 1st period - Deflect By Len Cozart.
2:39 of 1st period - Shot Misses the Net.
2:39 of 1st period - Puck is out of play.
2:40 of 1st period - Lenny Koonts wins face-off versus Len Cozart in Royals zone.
3:51 of 1st period - Slapshot by Eddie Schmidtke.
3:51 of 1st period - Shot Misses the Net.
3:53 of 1st period - Wrist shot by Jimmy Ruddell.
3:53 of 1st period - Stopped by Terrance Audet with a rebound.
4:11 of 1st period - Snap shot by Lenny Koonts.
4:11 of 1st period - Shot Misses the Net.
4:13 of 1st period - Snap shot by Lenny Koonts.
4:13 of 1st period - Goal by Lenny Koonts - Royals : 0 - Trident : 1.
4:14 of 1st period - Jarred Kennelly wins face-off versus Joe Mckinlay in neutral zone.
4:23 of 1st period - Snap shot by Marc-Andre Larochelle.
4:23 of 1st period - Shot Misses the Net.
4:25 of 1st period - Wrist shot by Marc-Andre Larochelle.
4:25 of 1st period - Shot Misses the Net.
5:26 of 1st period - Pascal Latonas is hit by Jimmy Ruddell and loses puck.
5:35 of 1st period - Wrist shot by Eddie Schmidtke.
5:35 of 1st period - Shot Misses the Net.
5:47 of 1st period - Wrist shot by Marc-Andre Larochelle.
5:47 of 1st period - Deflect By Joe Mckinlay.
5:47 of 1st period - Stopped by Terrance Audet without a rebound.
5:48 of 1st period - Joe Mckinlay wins face-off versus Jarred Kennelly in Royals zone.
5:48 of 1st period - Joe Mckinlay is hit by Arnt Pfeffer.
6:38 of 1st period - Snap shot by Marc-Andre Larochelle.
6:38 of 1st period - Shot Misses the Net.
6:40 of 1st period - Backhand shot by Acke Kronholm.
6:40 of 1st period - Deflect By Valentin Lokhanov.
6:40 of 1st period - Shot Misses the Net.
6:40 of 1st period - Puck is out of play.
6:41 of 1st period - Len Cozart wins face-off versus Garland Newkirk in Royals zone.
6:54 of 1st period - Snap shot by Klas Aaltio.
6:54 of 1st period - Stopped by Jim Gloeckner with a rebound.
6:56 of 1st period - Slapshot by Villiam Oikarinen.
6:56 of 1st period - Stopped by Jim Gloeckner without a rebound.
6:57 of 1st period - Joel Vestergren wins face-off versus Lenny Koonts in Trident zone.
6:58 of 1st period - Wrist shot by Randall Sappington.
6:58 of 1st period - Stopped by Jim Gloeckner without a rebound.
6:59 of 1st period - Lenny Koonts wins face-off versus Joel Vestergren in Trident zone.
7:37 of 1st period - Snap shot by Milo Volcan.
7:37 of 1st period - Stopped by Jim Gloeckner with a rebound.
7:39 of 1st period - Slapshot by Andre Schleicher.
7:39 of 1st period - Deflect By Milo Volcan.
7:39 of 1st period - Stopped by Jim Gloeckner with a rebound.
7:41 of 1st period - Snap shot by Joel Vestergren.
7:41 of 1st period - Stopped by Jim Gloeckner without a rebound.
7:42 of 1st period - Len Cozart wins face-off versus Garland Newkirk in Trident zone.
7:59 of 1st period - Wrist shot by Klas Aaltio.
7:59 of 1st period - Shot Blocked by Gordon Peltokangas.
8:43 of 1st period - Keyler Kraftcheck is hit by Lenny Koonts and loses puck.
9:18 of 1st period - Snap shot by Gordon Peltokangas.
9:18 of 1st period - Shot Blocked by Keyler Kraftcheck.
9:28 of 1st period - Slapshot by Phil Lawless.
9:28 of 1st period - Goal by Phil Lawless - Royals : 0 - Trident : 2.
9:29 of 1st period - Len Cozart wins face-off versus Jarred Kennelly in neutral zone.
9:36 of 1st period - Jarred Kennelly is hit by Jarl Koppa.
10:03 of 1st period - Snap shot by Joe Mckinlay.
10:03 of 1st period - Shot Blocked by Arnt Pfeffer.
10:11 of 1st period - Snap shot by Silvan Haslebacher.
10:11 of 1st period - Shot Blocked by Villiam Oikarinen.
10:28 of 1st period - Wrist shot by Phil Lawless.
10:28 of 1st period - Shot Blocked by Stanley Berger.
11:14 of 1st period - Off-side.
11:15 of 1st period - Lenny Koonts wins face-off versus Joe Mckinlay in neutral zone.
11:42 of 1st period - Backhand shot by Klas Aaltio.
11:42 of 1st period - Stopped by Jim Gloeckner with a rebound.
11:44 of 1st period - Wrist shot by Pascal Latonas.
11:44 of 1st period - Deflect By Valentin Lokhanov.
11:44 of 1st period - Stopped by Jim Gloeckner with a rebound.
11:46 of 1st period - Slapshot by Pascal Latonas.
11:46 of 1st period - Shot Blocked by Marc-Andre Larochelle.
11:48 of 1st period - Slapshot by Jarl Koppa.
11:48 of 1st period - Deflect By Klas Aaltio.
11:48 of 1st period - Shot Misses the Net.
11:48 of 1st period - Puck is out of play.
11:49 of 1st period - Gordon Peltokangas wins face-off versus Len Cozart in Trident zone.
11:54 of 1st period - Gordon Peltokangas is hit by Klas Aaltio and loses puck.
13:16 of 1st period - Snap shot by Milo Volcan.
13:16 of 1st period - Shot Misses the Net.
13:28 of 1st period - Snap shot by Arnt Pfeffer.
13:28 of 1st period - Deflect By Stanley Berger.
13:28 of 1st period - Stopped by Terrance Audet with a rebound.
14:32 of 1st period - Off-side.
14:33 of 1st period - Lenny Koonts wins face-off versus Yegor Kachkov in neutral zone.
14:58 of 1st period - Snap shot by Jason Krouse.
14:58 of 1st period - Stopped by Jim Gloeckner without a rebound.
14:59 of 1st period - Joe Mckinlay wins face-off versus Jarred Kennelly in Trident zone.
15:02 of 1st period - Snap shot by Joe Mckinlay.
15:02 of 1st period - Stopped by Jim Gloeckner without a rebound.
15:03 of 1st period - Jarred Kennelly wins face-off versus Anton Vekselberg in Trident zone.
15:18 of 1st period - Snap shot by Marc-Andre Larochelle.
15:18 of 1st period - Stopped by Terrance Audet without a rebound.
15:19 of 1st period - Joel Vestergren wins face-off versus Garland Newkirk in Royals zone.
15:35 of 1st period - Slapshot by Gordon Peltokangas.
15:35 of 1st period - Shot Blocked by Jarl Koppa.
16:08 of 1st period - Snap shot by Milo Volcan.
16:08 of 1st period - Deflect By Randall Sappington.
16:08 of 1st period - Stopped by Jim Gloeckner without a rebound.
16:09 of 1st period - Joe Mckinlay wins face-off versus Jarred Kennelly in Trident zone.
16:27 of 1st period - Minor Penalty to Keyler Kraftcheck for Holding.
16:28 of 1st period - Len Cozart wins face-off versus Valentin Lokhanov in Royals zone.
17:49 of 1st period - Lenny Koonts is hit by Randall Sappington.
18:27 of 1st period - Penalty to Keyler Kraftcheck is over, Keyler Kraftcheck is back on ice.
18:38 of 1st period - Terrence Mazzei is hit by Joe Mckinlay.
19:41 of 1st period - Jarred Kennelly is hit by Milo Volcan and loses puck.
19:58 of 1st period - Icing by Acke Kronholm.
19:59 of 1st period - Jeremiah Plaxton wins face-off versus Terrence Mazzei in Trident zone.
Goals for this period are 0 for Royals vs 2 for Trident.
Shots for this period are 13 for Royals vs 7 for Trident.
2nd Period

0:01 of 2nd period - Valentin Lokhanov wins face-off versus Len Cozart in neutral zone.
0:10 of 2nd period - Wrist shot by Jarred Kennelly.
0:10 of 2nd period - Shot Misses the Net.
0:12 of 2nd period - Snap shot by Jarred Kennelly.
0:12 of 2nd period - Deflect By Marc-Andre Larochelle.
0:12 of 2nd period - Stopped by Terrance Audet with a rebound.
0:14 of 2nd period - Wrist shot by Marc-Andre Larochelle.
0:14 of 2nd period - Stopped by Terrance Audet with a rebound.
0:16 of 2nd period - Slapshot by Arnt Pfeffer.
0:16 of 2nd period - Deflect By Klas Aaltio.
0:16 of 2nd period - Stopped by Terrance Audet with a rebound.
0:30 of 2nd period - Wrist shot by Silvan Haslebacher.
0:30 of 2nd period - Shot Misses the Net.
0:50 of 2nd period - Snap shot by Joe Mckinlay.
0:50 of 2nd period - Shot Misses the Net.
0:52 of 2nd period - Wrist shot by Anton Vekselberg.
0:52 of 2nd period - Stopped by Jim Gloeckner with a rebound.
0:54 of 2nd period - Snap shot by Joe Mckinlay.
0:54 of 2nd period - Shot Misses the Net.
0:56 of 2nd period - Slapshot by Villiam Oikarinen.
0:56 of 2nd period - Shot Blocked by Nathan Paasiaro.
1:32 of 2nd period - Slapshot by Jimmy Ruddell.
1:32 of 2nd period - Shot Misses the Net.
1:34 of 2nd period - Slapshot by Terrence Mazzei.
1:34 of 2nd period - Goal by Terrence Mazzei - Royals : 0 - Trident : 3.
1:35 of 2nd period - Jarred Kennelly wins face-off versus Joe Mckinlay in neutral zone.
2:08 of 2nd period - Pascal Latonas is hit by Garland Newkirk.
3:13 of 2nd period - Snap shot by Jarred Kennelly.
3:13 of 2nd period - Stopped by Terrance Audet with a rebound.
4:19 of 2nd period - Andre Schleicher is hit by Jimmy Ruddell and loses puck.
4:48 of 2nd period - Snap shot by Anton Vekselberg.
4:48 of 2nd period - Goal by Anton Vekselberg - Royals : 1 - Trident : 3.
4:49 of 2nd period - Joe Mckinlay wins face-off versus Jarred Kennelly in neutral zone.
5:00 of 2nd period - Snap shot by Anton Vekselberg.
5:00 of 2nd period - Stopped by Jim Gloeckner without a rebound.
5:01 of 2nd period - Jarred Kennelly wins face-off versus Len Cozart in Trident zone.
5:14 of 2nd period - Slapshot by Keyler Kraftcheck.
5:14 of 2nd period - Stopped by Jim Gloeckner without a rebound.
5:15 of 2nd period - Lenny Koonts wins face-off versus Joe Mckinlay in Trident zone.
5:22 of 2nd period - Slapshot by Lenny Koonts.
5:22 of 2nd period - Shot Blocked by Villiam Oikarinen.
5:40 of 2nd period - Villiam Oikarinen is hit by Phil Lawless and loses puck.
6:13 of 2nd period - Snap shot by Valentin Lokhanov.
6:13 of 2nd period - Shot Blocked by Keyler Kraftcheck.
6:35 of 2nd period - Slapshot by Keyler Kraftcheck.
6:35 of 2nd period - Shot Blocked by Zackary Rothschild.
6:37 of 2nd period - Wrist shot by Joe Mckinlay.
6:37 of 2nd period - Shot Blocked by Eddie Schmidtke.
7:11 of 2nd period - Snap shot by Gordon Peltokangas.
7:11 of 2nd period - Shot Blocked by Pascal Latonas.
7:13 of 2nd period - Wrist shot by Gordon Peltokangas.
7:13 of 2nd period - Goal by Gordon Peltokangas - Royals : 1 - Trident : 4.
7:14 of 2nd period - Jarred Kennelly wins face-off versus Joe Mckinlay in neutral zone.
7:25 of 2nd period - Snap shot by Joe Mckinlay.
7:25 of 2nd period - Stopped by Jim Gloeckner with a rebound.
7:33 of 2nd period - Anton Vekselberg is hit by Jarred Kennelly and loses puck.
7:54 of 2nd period - Wrist shot by Garland Newkirk.
7:54 of 2nd period - Shot Misses the Net.
8:34 of 2nd period - Keyler Kraftcheck is hit by Jarred Kennelly and loses puck.
8:53 of 2nd period - Snap shot by Jason Krouse.
8:53 of 2nd period - Shot Misses the Net.
8:55 of 2nd period - Slapshot by Jarl Koppa.
8:55 of 2nd period - Shot Blocked by Zackary Rothschild.
8:57 of 2nd period - Snap shot by Jarl Koppa.
8:57 of 2nd period - Stopped by Jim Gloeckner without a rebound.
8:58 of 2nd period - Garland Newkirk wins face-off versus Len Cozart in Trident zone.
9:03 of 2nd period - Slapshot by Garland Newkirk.
9:03 of 2nd period - Shot Misses the Net.
9:06 of 2nd period - Icing by Andre Schleicher.
9:07 of 2nd period - Garland Newkirk wins face-off versus Yegor Kachkov in Royals zone.
9:31 of 2nd period - Minor Penalty to Garland Newkirk for Tripping.
9:32 of 2nd period - Joe Mckinlay wins face-off versus Terrence Mazzei in Trident zone.
9:41 of 2nd period - Icing by Yegor Kachkov.
9:42 of 2nd period - Terrence Mazzei wins face-off versus Joe Mckinlay in Royals zone.
9:47 of 2nd period - Wrist shot by Jimmy Ruddell.
9:47 of 2nd period - Shot Blocked by Jason Krouse.
10:14 of 2nd period - Snap shot by Anton Vekselberg.
10:14 of 2nd period - Stopped by Jim Gloeckner without a rebound.
10:15 of 2nd period - Jarred Kennelly wins face-off versus Len Cozart in Trident zone.
11:31 of 2nd period - Penalty to Garland Newkirk is over, Garland Newkirk is back on ice.
12:31 of 2nd period - Slapshot by Gordon Peltokangas.
12:31 of 2nd period - Stopped by Terrance Audet with a rebound.
12:33 of 2nd period - Slapshot by Albert Zamuner.
12:33 of 2nd period - Stopped by Terrance Audet with a rebound.
12:35 of 2nd period - Wrist shot by Garland Newkirk.
12:35 of 2nd period - Stopped by Terrance Audet without a rebound.
12:36 of 2nd period - Yegor Kachkov wins face-off versus Garland Newkirk in Royals zone.
12:45 of 2nd period - Snap shot by Yegor Kachkov.
12:45 of 2nd period - Stopped by Jim Gloeckner without a rebound.
12:46 of 2nd period - Jarred Kennelly wins face-off versus Joe Mckinlay in Trident zone.
13:01 of 2nd period - Snap shot by Jarred Kennelly.
13:01 of 2nd period - Shot Misses the Net.
13:03 of 2nd period - Slapshot by Arnt Pfeffer.
13:03 of 2nd period - Shot Blocked by Keyler Kraftcheck.
13:34 of 2nd period - Off-side.
13:35 of 2nd period - Len Cozart wins face-off versus Terrence Mazzei in neutral zone.
14:55 of 2nd period - Snap shot by Kaiden Simmonds.
14:55 of 2nd period - Shot Misses the Net.
15:13 of 2nd period - Snap shot by Marc-Andre Larochelle.
15:13 of 2nd period - Stopped by Terrance Audet with a rebound.
15:52 of 2nd period - Michal Stellon is hit by Keyler Kraftcheck and loses puck.
16:18 of 2nd period - Garland Newkirk is hit by Jarl Koppa and loses puck.
16:33 of 2nd period - Valentin Lokhanov is hit by Yegor Kachkov and loses puck.
16:42 of 2nd period - Snap shot by Len Cozart.
16:42 of 2nd period - Shot Misses the Net.
16:44 of 2nd period - Slapshot by Len Cozart.
16:44 of 2nd period - Stopped by Jim Gloeckner without a rebound.
16:45 of 2nd period - Joe Mckinlay wins face-off versus Michal Stellon in Trident zone.
16:48 of 2nd period - Wrist shot by Joe Mckinlay.
16:48 of 2nd period - Stopped by Jim Gloeckner with a rebound.
16:50 of 2nd period - Backhand shot by Villiam Oikarinen.
16:50 of 2nd period - Shot Blocked by Acke Kronholm.
16:52 of 2nd period - Wrist shot by Joe Mckinlay.
16:52 of 2nd period - Deflect By Anton Vekselberg.
16:52 of 2nd period - Stopped by Jim Gloeckner without a rebound.
16:53 of 2nd period - Joe Mckinlay wins face-off versus Lenny Koonts in Trident zone.
17:11 of 2nd period - Minor Penalty to Arnt Pfeffer for Tripping.
17:12 of 2nd period - Michal Stellon wins face-off versus Len Cozart in Trident zone.
17:50 of 2nd period - Wrist shot by Jimmy Ruddell.
17:50 of 2nd period - Stopped by Terrance Audet without a rebound.
17:51 of 2nd period - Jarred Kennelly wins face-off versus Len Cozart in Royals zone.
18:04 of 2nd period - Jimmy Ruddell is hit by Keyler Kraftcheck and loses puck.
19:11 of 2nd period - Penalty to Arnt Pfeffer is over, Arnt Pfeffer is back on ice.
19:18 of 2nd period - Gordon Peltokangas is hit by Yegor Kachkov and loses puck.
19:36 of 2nd period - Off-side.
19:37 of 2nd period - Joel Vestergren wins face-off versus Jarred Kennelly in neutral zone.
19:42 of 2nd period - Snap shot by Randall Sappington.
19:42 of 2nd period - Shot Blocked by Nathan Paasiaro.
19:44 of 2nd period - Snap shot by Randall Sappington.
19:44 of 2nd period - Deflect By Joel Vestergren.
19:44 of 2nd period - Stopped by Jim Gloeckner with a rebound.
19:46 of 2nd period - Slapshot by Villiam Oikarinen.
19:46 of 2nd period - Shot Misses the Net.
19:48 of 2nd period - Wrist shot by Joel Vestergren.
19:48 of 2nd period - Stopped by Jim Gloeckner without a rebound.
19:49 of 2nd period - Joe Mckinlay wins face-off versus Lenny Koonts in Trident zone.
19:58 of 2nd period - Andre Schleicher is hit by Albert Zamuner and loses puck.
Goals for this period are 1 for Royals vs 2 for Trident.
Shots for this period are 13 for Royals vs 11 for Trident.
3rd Period

0:01 of 3rd period - Jarred Kennelly wins face-off versus Joe Mckinlay in neutral zone.
0:25 of 3rd period - Yegor Kachkov is hit by Lenny Koonts.
0:31 of 3rd period - Wrist shot by Yegor Kachkov.
0:31 of 3rd period - Stopped by Jim Gloeckner without a rebound.
0:32 of 3rd period - Garland Newkirk wins face-off versus Len Cozart in Trident zone.
0:41 of 3rd period - Slapshot by Zackary Rothschild.
0:41 of 3rd period - Stopped by Terrance Audet with a rebound.
0:59 of 3rd period - Jason Krouse is hit by Marc-Andre Larochelle and loses puck.
1:20 of 3rd period - Andre Schleicher is hit by Lenny Koonts and loses puck.
1:25 of 3rd period - Snap shot by Lenny Koonts.
1:25 of 3rd period - Stopped by Terrance Audet with a rebound.
1:27 of 3rd period - Slapshot by Loren Converse.
1:27 of 3rd period - Shot Blocked by Andre Schleicher.
1:33 of 3rd period - Snap shot by Michal Stellon.
1:33 of 3rd period - Shot Misses the Net.
1:57 of 3rd period - Keyler Kraftcheck is hit by Arnt Pfeffer and loses puck.
2:32 of 3rd period - Wrist shot by Valentin Lokhanov.
2:32 of 3rd period - Shot Blocked by Keyler Kraftcheck.
2:34 of 3rd period - Slapshot by Albert Zamuner.
2:34 of 3rd period - Deflect By Joe Mckinlay.
2:34 of 3rd period - Goal by Albert Zamuner - Royals : 1 - Trident : 5.
2:34 of 3rd period - Sammie Mckelloch enters game.
2:35 of 3rd period - Len Cozart wins face-off versus Jarred Kennelly in neutral zone.
2:48 of 3rd period - Snap shot by Klas Aaltio.
2:48 of 3rd period - Stopped by Jim Gloeckner without a rebound.
2:49 of 3rd period - Marc-Andre Larochelle wins face-off versus Joe Mckinlay in Trident zone.
3:31 of 3rd period - Klas Aaltio is hit by Arnt Pfeffer and loses puck.
4:24 of 3rd period - Joel Vestergren is hit by Zackary Rothschild and loses puck.
4:35 of 3rd period - Snap shot by Gordon Peltokangas.
4:35 of 3rd period - Stopped by Sammie Mckelloch with a rebound.
4:45 of 3rd period - Wrist shot by Milo Volcan.
4:45 of 3rd period - Shot Misses the Net.
6:11 of 3rd period - Snap shot by Silvan Haslebacher.
6:11 of 3rd period - Stopped by Sammie Mckelloch without a rebound.
6:12 of 3rd period - Jarred Kennelly wins face-off versus Joe Mckinlay in Royals zone.
6:23 of 3rd period - Valentin Lokhanov is hit by Andre Schleicher and loses puck.
6:38 of 3rd period - Yegor Kachkov is hit by Gordon Peltokangas and loses puck.
6:43 of 3rd period - Slapshot by Gordon Peltokangas.
6:43 of 3rd period - Stopped by Sammie Mckelloch without a rebound.
6:44 of 3rd period - Joel Vestergren wins face-off versus Lenny Koonts in Royals zone.
6:51 of 3rd period - Snap shot by Randall Sappington.
6:51 of 3rd period - Stopped by Jim Gloeckner with a rebound.
7:11 of 3rd period - Snap shot by Garland Newkirk.
7:11 of 3rd period - Deflect By Phil Lawless.
7:11 of 3rd period - Shot Misses the Net.
7:11 of 3rd period - Puck is out of play.
7:12 of 3rd period - Joe Mckinlay wins face-off versus Garland Newkirk in Royals zone.
7:27 of 3rd period - Snap shot by Phil Lawless.
7:27 of 3rd period - Stopped by Sammie Mckelloch without a rebound.
7:28 of 3rd period - Valentin Lokhanov wins face-off versus Len Cozart in Royals zone.
8:06 of 3rd period - Jason Krouse is hit by Michal Stellon and loses puck.
8:17 of 3rd period - Pascal Latonas is hit by Albert Zamuner and loses puck.
9:44 of 3rd period - Off-side.
9:45 of 3rd period - Jarred Kennelly wins face-off versus Joe Mckinlay in neutral zone.
10:12 of 3rd period - Silvan Haslebacher is hit by Klas Aaltio and loses puck.
10:36 of 3rd period - Snap shot by Len Cozart.
10:36 of 3rd period - Stopped by Jim Gloeckner with a rebound.
10:38 of 3rd period - Snap shot by Len Cozart.
10:38 of 3rd period - Stopped by Jim Gloeckner with a rebound.
10:50 of 3rd period - Snap shot by Len Cozart.
10:50 of 3rd period - Stopped by Jim Gloeckner with a rebound.
10:52 of 3rd period - Slapshot by Villiam Oikarinen.
10:52 of 3rd period - Shot Misses the Net.
10:54 of 3rd period - Snap shot by Villiam Oikarinen.
10:54 of 3rd period - Shot Misses the Net.
11:06 of 3rd period - Wrist shot by Klas Aaltio.
11:06 of 3rd period - Shot Misses the Net.
11:14 of 3rd period - Backhand shot by Yegor Kachkov.
11:14 of 3rd period - Shot Misses the Net.
11:51 of 3rd period - Wrist shot by Stanley Berger.
11:51 of 3rd period - Stopped by Jim Gloeckner without a rebound.
11:52 of 3rd period - Jarred Kennelly wins face-off versus Joe Mckinlay in Trident zone.
12:23 of 3rd period - Silvan Haslebacher is hit by Jarl Koppa and loses puck.
12:46 of 3rd period - Wrist shot by Eddie Schmidtke.
12:46 of 3rd period - Stopped by Sammie Mckelloch without a rebound.
12:47 of 3rd period - Terrence Mazzei wins face-off versus Jeremiah Plaxton in Royals zone.
13:20 of 3rd period - Snap shot by Marc-Andre Larochelle.
13:20 of 3rd period - Stopped by Sammie Mckelloch without a rebound.
13:21 of 3rd period - Lenny Koonts wins face-off versus Jason Krouse in Royals zone.
13:22 of 3rd period - Wrist shot by Silvan Haslebacher.
13:22 of 3rd period - Stopped by Sammie Mckelloch without a rebound.
13:23 of 3rd period - Michal Stellon wins face-off versus Joe Mckinlay in Royals zone.
13:26 of 3rd period - Wrist shot by Lenny Koonts.
13:26 of 3rd period - Stopped by Sammie Mckelloch with a rebound.
13:53 of 3rd period - Valentin Lokhanov is hit by Milo Volcan.
13:59 of 3rd period - Snap shot by Randall Sappington.
13:59 of 3rd period - Stopped by Jim Gloeckner with a rebound.
14:01 of 3rd period - Slapshot by Jarl Koppa.
14:01 of 3rd period - Shot Blocked by Albert Zamuner.
14:20 of 3rd period - Gordon Peltokangas and Andre Schleicher fight to a draw.
14:20 of 3rd period - Penalty to Gordon Peltokangas for Fighting.
14:20 of 3rd period - Penalty to Andre Schleicher for Fighting.
14:21 of 3rd period - Jason Krouse wins face-off versus Jarred Kennelly in Royals zone.
14:30 of 3rd period - Slapshot by Jason Krouse.
14:30 of 3rd period - Stopped by Jim Gloeckner without a rebound.
14:31 of 3rd period - Jarred Kennelly wins face-off versus Joe Mckinlay in Trident zone.
14:31 of 3rd period - Jarred Kennelly is hit by Keyler Kraftcheck.
15:15 of 3rd period - Snap shot by Jason Krouse.
15:15 of 3rd period - Stopped by Jim Gloeckner with a rebound.
15:17 of 3rd period - Slapshot by Joe Mckinlay.
15:17 of 3rd period - Deflect By Jason Krouse.
15:17 of 3rd period - Shot Misses the Net.
15:17 of 3rd period - Puck is out of play.
15:18 of 3rd period - Lenny Koonts wins face-off versus Joel Vestergren in Trident zone.
15:22 of 3rd period - Albert Zamuner beats up Randall Sappington.
15:22 of 3rd period - Penalty to Albert Zamuner for Fighting.
15:22 of 3rd period - Penalty to Randall Sappington for Fighting.
15:23 of 3rd period - Jarred Kennelly wins face-off versus Joel Vestergren in Royals zone.
15:32 of 3rd period - Wrist shot by Jarred Kennelly.
15:32 of 3rd period - Shot Misses the Net.
15:34 of 3rd period - Slapshot by Acke Kronholm.
15:34 of 3rd period - Shot Hit the Post.
15:36 of 3rd period - Slapshot by Arnt Pfeffer.
15:36 of 3rd period - Stopped by Sammie Mckelloch without a rebound.
15:37 of 3rd period - Jarred Kennelly wins face-off versus Joel Vestergren in Royals zone.
15:38 of 3rd period - Slapshot by Marc-Andre Larochelle.
15:38 of 3rd period - Shot Misses the Net.
15:50 of 3rd period - Snap shot by Marc-Andre Larochelle.
15:50 of 3rd period - Shot Misses the Net.
15:52 of 3rd period - Minor Penalty to Milo Volcan for Holding.
15:53 of 3rd period - Len Cozart wins face-off versus Jarred Kennelly in Royals zone.
15:57 of 3rd period - Off-side.
15:58 of 3rd period - Len Cozart wins face-off versus Jarred Kennelly in neutral zone.
16:13 of 3rd period - Wrist shot by Jarred Kennelly.
16:13 of 3rd period - Stopped by Sammie Mckelloch with a rebound.
17:18 of 3rd period - Garland Newkirk is hit by Joel Vestergren.
17:44 of 3rd period - Slapshot by Garland Newkirk.
17:44 of 3rd period - Deflect By Phil Lawless.
17:44 of 3rd period - Stopped by Sammie Mckelloch with a rebound.
17:46 of 3rd period - Snap shot by Zackary Rothschild.
17:46 of 3rd period - Stopped by Sammie Mckelloch without a rebound.
17:47 of 3rd period - Len Cozart wins face-off versus Phil Lawless in Royals zone.
17:52 of 3rd period - Penalty to Milo Volcan is over, Milo Volcan is back on ice.
18:26 of 3rd period - Wrist shot by Valentin Lokhanov.
18:26 of 3rd period - Shot Misses the Net.
18:28 of 3rd period - Slapshot by Loren Converse.
18:28 of 3rd period - Deflect By Valentin Lokhanov.
18:28 of 3rd period - Shot Blocked by Jarl Koppa.
18:28 of 3rd period - Puck is out of play.
18:29 of 3rd period - Lenny Koonts wins face-off versus Joel Vestergren in Royals zone.
18:32 of 3rd period - Wrist shot by Lenny Koonts.
18:32 of 3rd period - Shot Hit the Post.
18:38 of 3rd period - Snap shot by Milo Volcan.
18:38 of 3rd period - Shot Blocked by Acke Kronholm.
18:40 of 3rd period - Wrist shot by Klas Aaltio.
18:40 of 3rd period - Stopped by Jim Gloeckner with a rebound.
18:42 of 3rd period - Backhand shot by Villiam Oikarinen.
18:42 of 3rd period - Stopped by Jim Gloeckner with a rebound.
19:20 of 3rd period - Snap shot by Anton Vekselberg.
19:20 of 3rd period - Shot Misses the Net.
19:58 of 3rd period - Loren Converse is hit by Milo Volcan.
Goals for this period are 0 for Royals vs 1 for Trident.
Shots for this period are 12 for Royals vs 15 for Trident.

3 STARS

1st Star
G
1
SA 38
GA 1
SV% 0.974
TOI 60:00
2nd Star
LW
87
G 1
A 0
+/- 2
TOI 13:26
3rd Star
C
19
G 1
A 0
+/- 1
TOI 14:43

Game Stats

ROY
VS
TRI
1 Goals 5
38 Shots 33
14 Blocked Shots 12
17 Missed Shots 24
40.3 Faceoff % 59.7
2 Power Plays 2
0 Power Play Goals 0
0 Power Play % 0

GAME DETAILS

VENUE
Unknown
CITY
Unknown
REFEREES
Andrew Bruggeman, Bill McCreary
LINESMEN
Jerry Pateman, Quinn Schafer
ATTENDANCE
17,420